Map: Galaktischer Prozess LE

Players

Killa

  • Race: Protoss Protoss
  • League: Diamond

Balg - Winner!

  • Race: Protoss Protoss
  • League: Platinum

VOD

Have the link to the VOD?

Description

Watched by the MKing

Time

  • Played on: Aug. 23, 2016, 5:52 p.m.
  • Length: 20:53
Show
View Real Time Build Order
Export as new Build Order

Killa Protoss 

Build Orders:  

Get SALT Encoding   

  12  0:02  Probe (Chrono Boost)  
  13  0:14  Pylon  
  13  0:18  Probe (Chrono Boost)  
  15  0:28  Probe (Chrono Boost)  
  15  0:35  Gateway  
  15  0:39  Probe (Chrono Boost)  
  16  0:48  Assimilator  
  16  0:51  Probe (Chrono Boost)  
  17  1:01  Probe (Chrono Boost)  
  18  1:10  Gateway  
  18  1:15  Probe (Chrono Boost)  
  19  1:22  Cybernetics Core  
  19  1:25  Probe (Chrono Boost)  
  20  1:35  Pylon  
  20  1:36  Probe (Chrono Boost)  
  21  1:46  Probe (Chrono Boost)  
  22  1:59  Adept x2  
  26  2:10  Mothership Core (Chrono Boost)  
  26  2:12  Assimilator  
  28  2:33  Warp Gate, Nexus  
  28  2:47  Probe (Chrono Boost)  
  29  2:52  Pylon  
  30  2:59  Probe (Chrono Boost)  
  30  3:11  Probe (Chrono Boost)  
  27  3:28  Stargate  
  27  3:32  Gateway  
  27  3:33  Gateway  
  28  3:34  Probe (Chrono Boost)  
  28  3:38  Pylon  
  28  3:47  Probe (Chrono Boost)  
  29  3:53  Probe (Chrono Boost)  
  30  3:59  Probe (Chrono Boost)  
  31  4:03  Probe (Chrono Boost)  
  33  4:11  Probe (Chrono Boost)  
  33  4:14  Probe (Chrono Boost)  
  33  4:15  Phoenix  
  36  4:24  Probe x2 (Chrono Boost)  
  37  4:25  Twilight Council  
  38  4:31  Robotics Facility  
  38  4:35  Probe (Chrono Boost)  
  38  4:36  Adept, Probe (Chrono Boost)  
  42  4:45  Phoenix  
  42  4:48  Adept  
  42  4:50  Sentry  
  42  4:52  Probe (Chrono Boost)  
  50  4:53  Probe (Chrono Boost)  
  50  5:02  Probe (Chrono Boost)  
  50  5:05  Probe (Chrono Boost)  
  50  5:06  Adept  
  52  5:15  Adept  
  52  5:18  Pylon x2  
  54  5:25  Pylon  
  54  5:26  Pylon  
  54  5:33  Resonating Glaives  
  54  5:43  Pylon  
  54  6:04  Adept x4  
  46  6:31  Sentry  
  48  6:45  Adept  
  48  6:46  Adept  
  52  6:50  Adept  
  54  7:04  Adept  
  56  7:17  Probe (Chrono Boost)  
  56  7:22  Nexus  
  57  7:29  Probe (Chrono Boost)  
  58  7:31  Adept  
  60  7:44  Adept x2  
  60  7:49  Probe (Chrono Boost)  
  65  7:55  Phoenix  
  67  8:01  Pylon  
  67  8:11  Probe (Chrono Boost)  
  68  8:21  Probe (Chrono Boost)  
  68  8:26  Oracle  
  59  8:43  Probe x2 (Chrono Boost)  
  59  8:44  Adept  
  59  8:45  Adept x2  
  45  9:27  Probe x2 (Chrono Boost)  
  47  9:38  Adept x2  
  51  9:39  Pylon  
  51  9:43  Probe x2 (Chrono Boost)  
  53  9:51  Pylon  
  53  9:58  Robotics Facility  
  53  10:02  Pylon  
  53  10:05  Probe (Chrono Boost)  
  53  10:06  Probe (Chrono Boost), Assimilator  
  55  10:14  Assimilator  
  55  10:15  Probe (Chrono Boost)  
  55  10:16  Probe (Chrono Boost)  
  50  10:42  Oracle  
  53  10:46  Observer  
  49  11:03  Adept x2  
  49  11:04  Adept  
  53  11:07  Observer  
  53  11:10  Adept  
  53  11:20  Probe (Chrono Boost)  
  53  11:21  Probe (Chrono Boost)  
  55  11:26  Adept x2  
  55  11:28  Sentry  
  61  11:35  Probe x2 (Chrono Boost)  
  63  11:41  Adept  
  65  11:47  Adept  
  68  12:01  Probe x2 (Chrono Boost)  
  68  12:04  Adept x2  
  73  12:14  Probe (Chrono Boost)  
  73  12:15  Probe (Chrono Boost)  
  75  12:20  Adept  
  75  12:21  Adept  
  79  12:41  Nexus  
  79  12:43  Probe (Chrono Boost)  
  80  12:46  Probe (Chrono Boost)  
  81  12:54  Probe (Chrono Boost)  
  80  13:01  Robotics Bay  
  80  13:08  Adept x2  
  84  13:21  Probe x2 (Chrono Boost)  
  84  13:23  Adept x2  
  90  13:41  Adept x2  
  94  13:49  Pylon  
  94  13:50  Disruptor  
  94  13:52  Pylon  
  94  13:53  Probe (Chrono Boost), Phoenix  
  94  13:54  Probe (Chrono Boost)  
  101  14:04  Probe (Chrono Boost)  
  101  14:06  Probe (Chrono Boost)  
  101  14:07  Probe (Chrono Boost)  
  104  14:14  Adept x2, Probe (Chrono Boost)  
  109  14:18  Probe (Chrono Boost)  
  109  14:21  Disruptor  
  110  14:25  Probe (Chrono Boost)  
  114  14:50  Probe (Chrono Boost)  
  114  14:51  Probe (Chrono Boost)  
  114  14:52  Probe (Chrono Boost)  
  117  14:53  Disruptor, Assimilator  
  117  14:56  Assimilator  
  117  14:58  Gateway  
  120  15:00  Gateway  
  120  15:10  Adept x2  
  124  15:23  Pylon  
  124  15:25  Pylon  
  124  15:27  Pylon  
  124  15:35  Probe (Chrono Boost)  
  125  15:36  Disruptor  
  125  15:41  Probe (Chrono Boost)  
  130  15:43  Probe (Chrono Boost)  
  130  15:55  Probe (Chrono Boost)  
  130  15:56  Probe x2 (Chrono Boost)  
  133  15:59  Adept x4  
  141  16:04  Gateway  
  141  16:06  Gateway  
  141  16:07  Disruptor, Probe (Chrono Boost)  
  141  16:09  Gateway  
  142  16:12  Pylon  
  142  16:13  Pylon  
  145  16:25  Adept x2  
  149  16:31  Robotics Facility  
  149  16:33  Robotics Facility  
  149  16:38  Disruptor  
  147  16:44  Adept x4  
  158  17:13  Adept x5  
  165  17:22  Pylon x2  
  165  17:24  Pylon  
  165  17:35  Disruptor  
  165  17:39  Disruptor  
  165  17:40  Disruptor  
  174  17:45  Adept x5, Nexus  
  174  17:46  Adept  
  174  17:49  Adept  
  188  18:01  Pylon  
  188  18:02  Pylon  
  185  18:38  Colossus  
  185  18:41  Assimilator  
  185  18:43  Assimilator  
  185  18:45  Colossus  
  185  18:47  Pylon  
  195  19:01  Pylon  
  194  19:06  Pylon  
  194  19:07  Adept x5  
  191  19:25  Colossus  
  191  19:38  Probe (Chrono Boost)  
  199  19:40  Probe (Chrono Boost)  
Show
View Real Time Build Order
Export as new Build Order

Balg Protoss - Winner!

Build Orders: Blink Stalkers 

Get SALT Encoding   

  12  0:01  Probe (Chrono Boost)  
  13  0:12  Probe (Chrono Boost)  
  14  0:18  Pylon  
  14  0:22  Probe (Chrono Boost)  
  15  0:36  Gateway  
  15  0:39  Probe (Chrono Boost)  
  16  0:49  Assimilator  
  16  0:52  Probe (Chrono Boost)  
  17  1:03  Probe (Chrono Boost)  
  18  1:09  Gateway  
  18  1:14  Probe (Chrono Boost)  
  19  1:24  Cybernetics Core  
  19  1:28  Pylon  
  19  1:31  Probe (Chrono Boost)  
  20  1:42  Probe (Chrono Boost), Assimilator  
  21  1:53  Probe (Chrono Boost)  
  22  1:56  Warp Gate  
  22  2:00  Stalker  
  24  2:01  Stalker  
  24  2:05  Probe (Chrono Boost)  
  27  2:30  Twilight Council  
  27  2:36  Stalker  
  29  2:47  Stalker  
  31  3:00  Pylon  
  29  3:21  Blink  
  30  3:27  Stalker x2  
  32  3:43  Probe (Chrono Boost)  
  33  3:51  Pylon  
  33  3:55  Probe (Chrono Boost)  
  34  4:06  Stalker x2  
  38  4:29  Gateway, Stalker  
  38  4:30  Stalker  
  42  4:54  Pylon  
  42  5:13  Stalker x2  
  46  5:31  Stalker  
  46  5:33  Nexus  
  48  5:37  Stalker  
  48  5:41  Stalker  
  28  6:28  Probe (Chrono Boost)  
  29  6:33  Dark Shrine  
  29  6:40  Stalker x3  
  29  6:45  Probe (Chrono Boost)  
  29  6:46  Probe (Chrono Boost)  
  37  6:57  Probe (Chrono Boost)  
  37  6:59  Probe (Chrono Boost)  
  39  7:09  Stalker  
  39  7:10  Stalker  
  39  7:11  Pylon  
  39  7:13  Pylon, Stalker  
  45  7:23  Gateway  
  45  7:24  Probe (Chrono Boost)  
  46  7:45  Dark Templar x3  
  52  7:55  Probe x2 (Chrono Boost)  
  54  8:07  Probe x2 (Chrono Boost)  
  56  8:23  Dark Templar x2  
  44  8:56  Zealot  
  44  8:57  Stalker x2  
  46  9:23  Probe x2 (Chrono Boost)  
  42  9:39  Assimilator  
  42  9:40  Dark Templar  
  42  9:41  Dark Templar, Assimilator  
  46  9:52  Zealot x2  
  50  9:58  Nexus  
  50  10:08  Probe x2 (Chrono Boost)  
  52  10:17  Dark Templar x2  
  52  10:19  Zealot x2  
  60  10:27  Assimilator  
  60  10:29  Assimilator  
  60  10:40  Probe x2 (Chrono Boost)  
  60  10:44  Archon  
  60  10:45  Stalker x2  
  64  10:54  Dark Templar x2  
  68  10:57  Gateway  
  68  10:58  Gateway  
  68  10:59  Gateway  
  68  11:01  Probe x2 (Chrono Boost)  
  70  11:09  Archon  
  70  11:12  Dark Templar  
  70  11:13  Charge, Dark Templar  
  70  11:17  Archon  
  72  11:29  Zealot  
  72  11:30  Zealot  
  72  11:31  Probe (Chrono Boost)  
  72  11:32  Probe x2 (Chrono Boost)  
  79  11:33  Forge  
  79  11:35  Forge  
  79  11:47  Dark Templar x2  
  79  11:51  Archon  
  83  11:54  Probe (Chrono Boost)  
  83  11:55  Probe (Chrono Boost)  
  83  11:56  Probe (Chrono Boost)  
  86  12:05  Probe (Chrono Boost)  
  86  12:06  Protoss Ground Weapons Level 1  
  87  12:08  Protoss Ground Armor Level 1  
  87  12:12  Stalker x2  
  87  12:13  Stalker  
  93  12:16  Probe (Chrono Boost)  
  93  12:18  Probe (Chrono Boost)  
  95  12:30  Dark Templar x2  
  95  12:35  Archon  
  99  12:40  Probe (Chrono Boost)  
  99  12:41  Probe (Chrono Boost)  
  101  12:50  Pylon  
  101  12:53  Pylon  
  101  12:55  Pylon  
  101  13:08  Probe x3 (Chrono Boost)  
  104  13:13  Dark Templar x3  
  104  13:15  Sentry  
  104  13:17  Archon  
  104  13:19  Nexus, Probe (Chrono Boost)  
  113  13:36  Probe x3 (Chrono Boost)  
  116  13:46  Assimilator  
  116  13:47  Zealot x4  
  124  13:50  Assimilator  
  124  14:36  Pylon  
  124  14:38  Pylon  
  124  14:40  Pylon  
  124  14:42  Pylon  
  122  15:14  Probe x2 (Chrono Boost)  
  122  15:15  Probe x2 (Chrono Boost)  
  122  15:18  Zealot x3  
  122  15:19  Dark Templar x2  
  122  15:20  Dark Templar x2  
  140  15:34  Probe x3 (Chrono Boost)  
  140  15:35  Gateway  
  143  15:36  Gateway, Archon x2  
  143  15:38  Gateway  
  143  15:39  Gateway  
  143  15:42  Gateway  
  143  15:45  Gateway  
  143  15:49  Gateway  
  143  16:02  Protoss Ground Weapons Level 2  
  143  16:04  Protoss Shields Level 1  
  143  16:08  Zealot x3  
  143  16:10  Dark Templar x3  
  143  16:11  Dark Templar  
  157  16:22  Robotics Facility  
  157  16:23  Robotics Facility  
  157  16:26  Nexus  
  157  16:35  Archon x2  
  157  16:45  Adept x4  
  157  16:46  Adept x3  
  171  16:53  Pylon  
  171  16:54  Pylon  
  171  16:56  Pylon  
  171  16:58  Pylon  
  171  17:12  Pylon  
  171  17:13  Pylon  
  171  17:15  Pylon  
  171  17:17  Pylon  
  171  17:19  Pylon  
  171  17:22  Zealot x5  
  179  17:23  Dark Templar x2  
  179  17:24  Dark Templar x3  
  179  17:25  Dark Templar x4  
  179  17:29  Archon x4, Pylon  
  195  17:53  Zealot x2  
  199  18:28  Protoss Ground Armor Level 2  
  199  18:30  Nexus  
  199  18:44  Forge  
  183  20:00  Zealot x4  
  183  20:01  Zealot x4  
  183  20:02  Nexus  
  199  20:13  Gateway  
  199  20:14  Gateway  
  199  20:17  Gateway  
  199  20:20  Gateway  
  189  20:22  Gateway  
  189  20:24  Gateway  
  119  20:46  Dark Templar x4  
  119  20:47  Dark Templar x7  
  119  20:48  Dark Templar x3  
  147  20:52  Archon  
  147  20:53  Archon x2  
Tags
 
Add a new tag
Caveats
  • Supply blocks, unpowered buildings, or Contaminate may cause inaccurate times.
  • Supply counts are checked every 10 seconds.